 Dungeon Sprint DCSS version 0.16-a0-3049-g2a447e9 (webtiles) character file.

529442 BluebellGnoll the Minotaur Porcupine (level 20, 216/216 HPs)
             Began as a Minotaur Gladiator on Dec 9, 2014.
             Was the Champion of Makhleb.
             Escaped with the Orb!
             The game lasted 02:45:05 (13489 turns).

BluebellGnoll the Minotaur Porcupine (MiGl)        Turns: 13489, Time: 02:45:05

Health: 216/216    AC: 50    Str: 34    XL:     20   Next: 24%
Magic:  37/39      EV: 28    Int:  7    God:    Makhleb [******]
Gold:   0          SH: 39    Dex: 20    Spells: 0 memorised, 19 levels left

rFire  + + .     SeeInvis +     N - +5 demon trident (flame)
rCold  + + +     Clarity  .     K - +9 gold dragon armour
rNeg   + + +     SustAb   .     O - +18 shield of the gong {rElec rN+ MR+ EV-5}
rPois  +         Gourm    .     p - +3 crown of Dyrovepreva {rElec Int+2 SInv}
rElec  +         Spirit   .     X - +1 cloak {rPois}
rCorr  +         Warding  +     s - +3 pair of gauntlets of War {Slay+5}
rMut   .         NoTele   +     T - +1 pair of boots {run}
MR     +++..                    q - amulet of Sase Leg {Ward +Blink +Inv rN+ MR+ Str+2 Stlth++}
Stlth  +.........               z - ring of Scheol {+Blink rPois rC+ rN+ Slay+4 SInv Stlth++}
                                W - ring "Acogg" {+Fly rC++ Str+2 Slay+4 Stlth++}

@: mighty, agile, resistant, flying, very slightly contaminated, hasted,
invisible, very quick, extremely resistant to hostile enchantments, very
unstealthy
A: retaliatory headbutt, horns 2
a: Minor Destruction, Lesser Servant of Makhleb, Major Destruction, Greater
Servant of Makhleb, Renounce Religion, Evoke Blink, Turn Visible, Stop Flying
0: Orb of Zot


You escaped.
You worshipped Makhleb.
Makhleb was exalted by your worship.
You were completely stuffed.

You visited 1 branch

Inventory:

Hand weapons
 N - a +5 demon trident of flaming (weapon)
 S - a +3 trident of freezing
Missiles
 d - 3 throwing nets (quivered)
Armour
 p - the +3 crown of Dyrovepreva (worn) {rElec Int+2 SInv}
   (You found it in the Dungeon)

   It affects your intelligence (+2).
   It insulates you from electricity.
   It enhances your eyesight.
 s - the +3 pair of gauntlets of War (worn) {Slay+5}
   (You found it in the Dungeon)

   It affects your accuracy and damage with ranged weapons and melee attacks
   (+5).
 K - a +9 gold dragon armour (worn)
 O - the +18 shield of the gong (worn) {rElec rN+ MR+ EV-5}
   (You found it in the Dungeon)

   It affects your evasion (-5).
   It insulates you from electricity.
   It protects you from negative energy.
   It affects your resistance to hostile enchantments.
 T - a +1 pair of boots of running (worn)
 X - a +1 cloak of poison resistance (worn)
Rods
 n - a +9 rod of clouds (17/17)
   (You found it in the Dungeon)
 C - a +3 rod of clouds (14/14)
   (You found it in the Dungeon)
 G - a +8 iron rod (13/13)
   (You found it in the Dungeon)
 R - a +2 rod of inaccuracy (14/14)
   (You found it in the Dungeon)
 U - a +7 lightning rod (14/14)
   (You found it in the Dungeon)
Jewellery
 a - the ring "Khiub" {rF++ rN+ MR+ EV+1}
   (You found it in the Dungeon)

   [ring of evasion]

   It affects your evasion (+1).
   It greatly protects you from fire.
   It protects you from negative energy.
   It affects your resistance to hostile enchantments.
 q - the amulet of Sase Leg (around neck) {Ward +Blink +Inv rN+ MR+ Str+2 Stlth++}
   (You found it in the Dungeon)

   [amulet of warding]

   It may prevent the melee attacks of summoned creatures.
   It affects your strength (+2).
   It protects you from negative energy.
   It affects your resistance to hostile enchantments.
   It lets you turn invisible.
   It lets you blink.
   It makes you much more stealthy.
 u - the ring "Neipliq" {+cTele +Rage +Inv +Fly MR++ Stlth+}
   (You found it in the Dungeon)

   [ring of teleport control]

   It can be evoked for teleport control.
   It affects your resistance to hostile enchantments.
   It lets you turn invisible.
   It lets you fly.
   It lets you go berserk.
   It makes you more stealthy.
 z - the ring of Scheol (right hand) {+Blink rPois rC+ rN+ Slay+4 SInv Stlth++}
   (You found it in the Dungeon)

   [ring of positive energy]

   It affects your accuracy and damage with ranged weapons and melee attacks
   (+4).
   It protects you from cold.
   It protects you from poison.
   It protects you from negative energy.
   It enhances your eyesight.
   It lets you blink.
   It makes you much more stealthy.
 H - the amulet of Dehoduus {rCorr -Cast rC+ Str+2 Int-3 Slay-5}
   (You found it in the Dungeon)

   [amulet of resist corrosion]

   It protects you from acid and corrosion.
   It affects your strength (+2).
   It affects your intelligence (-3).
   It affects your accuracy and damage with ranged weapons and melee attacks
   (-5).
   It protects you from cold.
   It prevents spellcasting.
 W - the ring "Acogg" (left hand) {+Fly rC++ Str+2 Slay+4 Stlth++}
   (You found it in the Dungeon)

   [ring of flight]

   It affects your strength (+2).
   It affects your accuracy and damage with ranged weapons and melee attacks
   (+4).
   It greatly protects you from cold.
   It lets you fly.
   It makes you much more stealthy.
Magical devices
 l - a wand of disintegration (3)
 m - a wand of fire (2)
 P - a wand of hasting (4)
Scrolls
 k - 2 scrolls of blinking
 B - 7 scrolls of fog
 E - a scroll of remove curse
 F - 2 scrolls of fear
 Q - 2 scrolls of holy word
Potions
 e - 9 potions of curing
 g - 4 potions of heal wounds
 h - a potion of haste
 j - 2 potions of berserk rage
 J - 3 potions of resistance
 M - a potion of might
Miscellaneous
 b - a lamp of fire
 c - a sack of spiders
 i - a fan of gales
 o - a stone of tremors
 r - a phial of floods
 t - a phial of floods
 x - a lamp of fire
 y - a fan of gales
 A - a lamp of fire
 V - a phantom mirror
 Y - a phial of floods
 Z - a lamp of fire
Comestibles
 f - 2 bread rations


   Skills:
 O Level 27 Fighting
 O Level 27 Polearms
 O Level 27 Throwing
 O Level 27 Armour
 O Level 27 Dodging
 O Level 27 Shields
 O Level 27 Unarmed Combat
 + Level 18.2 Invocations
 O Level 27 Evocations


You had 19 spell levels left.
You didn't know any spells.

Dungeon Overview and Level Annotations

Branches:
Dungeon (1/1)

Altars:
Ashenzari
Cheibriados
Dithmenos
Elyvilon
Fedhas
Gozag
Kikubaaqudgha
Makhleb
Nemelex Xobeh
Okawaru
Qazlal
Ru
Sif Muna
Trog
Vehumet
Xom
Yredelemnul
Zin
The Shining One
Beogh
Jiyva
Lugonu


Innate Abilities, Weirdness & Mutations

You reflexively headbutt those who attack you in melee.
You have a pair of horns on your head.


Message History

Okay, then.
Use which ability? (? or * to list)
You feel very buoyant.
You fly up into the air.
You feel somewhat more hungry.
Use which ability? (? or * to list)
You fade into invisibility!
You feel somewhat more hungry.
Eat one of 13 fruits? (ye/n/q/i?) Eat which item? (? for menu, Esc to quit)
You can't eat that!
Eat one of 13 fruits? (ye/n/q/i?) Eat which item? (? for menu, Esc to quit)
You continue eating. x2
You finish eating.
That bread ration really hit the spot!
Eat one of 13 fruits? (ye/n/q/i?) Eat which item? (? for menu, Esc to quit)
You continue eating. x2
You finish eating.
That bread ration really hit the spot!
You can't go down here!
You have escaped!

............▓..▓....)).▓..▓...8©8
............▓.▓▓▓....)▓▓▓.▓..[[)}
............▓..▓....)).▓..▓..}...
............▓..........)..▓......
.........[..▓........).%..▓......
............▓▓▓▓▓▓▓▓▓▓▓▓▓▓▓......
▓.......▓...▓8888888888888▓......
.▓.....▓.▓..▓8..)))......8▓..▓..)
▓.......▓≈..▓8..@)).)....8▓.▓....
........≈≈..▓8).)........8▓.....!
........≈≈..▓8888888888888▓▓▓▓▓▓▓
▓▓▓▓▓▓▓▓▓▓▓▓▓▓▓▓▓▓▓▓▓▓▓▓▓▓▓▓▓▓▓▓▓
.....8©8........▓........8©8.....
.)::|::.}.):|.}.▓.))[):)|[).:.:)[
|))[)..?[|))....▓}.::|)[...}:|)=:
}[...}.....).:).▓."}:)=:[[|.|[[))
................▓.......))"}|....


There were no monsters in sight!

Vanquished Creatures
  3 shard shrikes (D)
  39 pandemonium lords (D)
  2 pearl dragons (D)
  A bone dragon (D)
  A lich (D)
  A Brimstone Fiend (D)
  7 electric golems (D)
  A caustic shrike (shapeshifter) (D)
  2 tentacled monstrosities (D)
  A Hell Sentinel (D)
  8 titans (D)
  3 Orb Guardians (D)
  An Ice Fiend (D)
  An acid blob (D)
  2 deep elf blademasters (D)
  3 Shadow Fiends (D)
  8 storm dragons (D)
  A shadow dragon (shapeshifter) (D)
  4 Executioners (D)
  A deep elf sorcerer (D)
  2 orc warlords (D)
  A frost giant (shapeshifter) (D)
  4 ghouls (D)
  2 balrugs (D)
  3 stone giants (D)
  2 very ugly things (D)
  A warmonger (D)
  An ophan (D)
  8 reapers (D)
  A lorocyproca (D)
  A chaos champion (D)
  An apis (D)
  3 vampire knights (D)
  A blizzard demon (D)
  2 rakshasas (D)
  2 deep elf high priests (D)
  A ghost crab (shapeshifter) (D)
  2 anacondas (D)
  An ice dragon (D)
  A monstrous demonspawn (D)
  A hydra (shapeshifter) (D)
  7 spriggan air magi (D)
  An orc high priest (D)
  2 vampire magi (D)
  A hell hog (D)
  A shock serpent (shapeshifter) (D)
  6 sun demons (D)
  A deep elf knight (D)
  6 skeletal warriors (D)
  4 soul eaters (D)
  A gelid demonspawn (D)
  A shadow demon (D)
  2 shadow wraiths (D)
  5 ice devils (D)
  A cherub (D)
  A death drake (shapeshifter) (D)
  A swamp dragon (shapeshifter) (D)
  A putrid demonspawn (D)
  A lindwurm (shapeshifter) (D)
  A wolf spider (shapeshifter) (D)
  5 shining eyes (D)
  3 orc knights (D)
  2 stone giant zombies (D)
  A manticore (shapeshifter) (D)
  An octopode (shapeshifter) (D)
  2 moths of wrath (D)
  2 orc sorcerers (D)
  2 necromancers (D)
  A salamander (shapeshifter) (D)
  A guardian serpent (D)
  A naga mage (D)
  An eye of devastation (D)
  A moth of wrath (shapeshifter) (D)
  A black mamba (D)
  7 air elementals (D)
  A water elemental (D)
  4 sixfirhies (D)
  A rust devil (D)
  4 orange demons (D)
  An elf (shapeshifter) (D)
  2 hellions (D)
  2 komodo dragons (shapeshifter) (D)
  A smoke demon (D)
  A demonic crawler (D)
  4 tormentors (D)
  A yaktaur (shapeshifter) (D)
  A queen bee (shapeshifter) (D)
  6 hellwings (D)
  A jumping spider (shapeshifter) (D)
  5 freezing wraiths (D)
  6 red devils (D)
  A troll (D)
  An ancient zyme (D)
  2 trolls (shapeshifter) (D)
  3 deep elf priests (D)
  4 jumping spiders (D)
  A merfolk (D)
  8 wind drakes (D)
  A wind drake (shapeshifter) (D)
  5 blue devils (D)
  A moth of wrath zombie (D)
  A raiju (shapeshifter) (D)
  A slime creature (D)
  5 flying skulls (D)
  3 ynoxinuls (D)
  2 vampires (D)
  2 redbacks (D)
  A trapdoor spider (shapeshifter) (D)
  6 spriggans (D)
  2 shadows (D)
  A tarantella (D)
  A chaos spawn (D)
  2 deep elf magi (D)
  2 golden eyes (D)
  2 neqoxecs (D)
  2 golden eyes (shapeshifter) (D)
  A hungry ghost (D)
  A warg (D)
  A wolf (D)
  2 deep elf fighters (D)
  4 wraiths (D)
  7 insubstantial wisps (D)
  3 nagas (D)
  5 large abominations (D)
  3 water moccasins (D)
  A swamp worm (shapeshifter) (D)
  3 yellow wasps (D)
  A spider (D)
  3 ice beasts (D)
  4 black bears (D)
  4 eyes of draining (D)
  A tengu (shapeshifter) (D)
  2 phantoms (D)
  6 orc warriors (D)
  2 ogres (D)
  A boggart (shapeshifter) (D)
  4 necrophages (D)
  2 chimeras (D)
  A crocodile (shapeshifter) (D)
  2 scorpions (D)
  9 wights (D)
  A killer bee (D)
  A troll zombie (D)
  3 jellies (D)
  A crimson imp (D)
  2 goliath beetles (D)
  A quasit (D)
  3 iguanas (D)
  A hell rat (D)
  A sheep (D)
  A necrophage skeleton (D)
  2 mummies (D)
  4 adders (D)
  A river rat (D)
  7 white imps (D)
  A giant mite (D)
  4 giant eyeballs (D)
  2 ufetubi (D)
  3 adder zombies (D)
  6 adder skeletons (D)
  An ooze (D)
  10 orcs (D)
  2 bat skeletons (D)
  6 bat zombies (D)
  6 hobgoblins (D)
  A ball python (D)
  A ball python skeleton (D)
  A ball python zombie (D)
  3 giant cockroach zombies (D)
  4 giant gecko skeletons (D)
  4 goblins (D)
  A jackal simulacrum (D)
  2 jackal skeletons (D)
  2 jackal zombies (D)
  A kobold (D)
  7 orc zombies (D)
  A quokka skeleton (D)
  A quokka zombie (D)
  2 crawling corpses (D)
  5 fungi (D)
486 creatures vanquished.

Vanquished Creatures (collateral kills)
  A pandemonium lord (D)
  A Hell Sentinel (D)
  4 Orb Guardians (D)
  2 acid blobs (D)
  A sphinx (shapeshifter) (D)
  A shadow dragon (D)
  3 orc warlords (D)
  2 stone giants (D)
  2 reapers (D)
  An ophan (D)
  A vampire knight (D)
  3 blizzard demons (D)
  2 death oozes (D)
  A great orb of eyes (D)
  An ice dragon (D)
  2 spriggan air magi (D)
  A vampire mage (D)
  A hell beast (D)
  An orc high priest (D)
  3 skeletal warriors (D)
  3 ice devils (D)
  A death drake (shapeshifter) (D)
  A deep elf summoner (D)
  An orc knight (D)
  A harpy (shapeshifter) (D)
  A hill giant (shapeshifter) (D)
  A necromancer (D)
  5 slime creatures (D)
  A cyclops (shapeshifter) (D)
  A water nymph (shapeshifter) (D)
  4 orc sorcerers (D)
  2 moths of wrath (D)
  A water elemental (D)
  A naga mage (D)
  A guardian serpent (shapeshifter) (D)
  An eye of devastation (shapeshifter) (D)
  A komodo dragon (shapeshifter) (D)
  A demonic crawler (D)
  A merfolk (D)
  2 hellwings (D)
  2 blue devils (D)
  A freezing wraith (D)
  A wind drake (D)
  A chimera (D)
  A shadow (D)
  An air elemental (D)
  A wraith (D)
  A flying skull (D)
  A vampire (D)
  A golden eye (D)
  A hippogriff (D)
  A chaos spawn (D)
  A large abomination (D)
  A swamp worm (shapeshifter) (D)
  An insubstantial wisp (D)
  An eye of draining (D)
  An orc warrior (D)
  3 necrophages (D)
  An ice beast (D)
  A wight (D)
  A crimson imp (D)
  An iron imp (D)
  4 jellies (D)
  3 sheep (D)
  A mummy (D)
  8 white imps (D)
  An adder (D)
  A giant eyeball (D)
  2 ufetubi (D)
  3 adder skeletons (D)
  4 adder zombies (D)
  3 oozes (D)
  11 orcs (D)
  2 bat skeletons (D)
  2 bat zombies (D)
  A giant cockroach (D)
  2 ball python skeletons (D)
  A giant cockroach zombie (D)
  A giant gecko skeleton (D)
  2 giant gecko zombies (D)
  4 goblins (D)
  A hobgoblin zombie (D)
  2 jackal zombies (D)
  An orc zombie (D)
  2 quokka skeletons (D)
  A quokka zombie (D)
153 creatures vanquished.

Vanquished Creatures (others)
  A lich (D)
  A titan (D)
  2 eldritch tentacles (D)
  A vampire knight (D)
  A vampire mage (D)
  A necromancer (D)
  A sixfirhy (D)
  A griffon (shapeshifter) (D)
  58 water elementals (D)
  5 air elementals (D)
  2 orange demons (D)
  58 fire elementals (D)
  6 earth elementals (D)
  A blue devil (D)
  2 trapdoor spiders (D)
  A redback (D)
  10 chimeras (D)
  A ynoxinul (D)
  2 chaos spawn (D)
  4 insubstantial wisps (D)
  A neqoxec (D)
  A wight (D)
  A white imp (D)
  2 ufetubi (D)
  A bat skeleton (D)
  204 eldritch tentacle segments (D)
369 creatures vanquished.

Grand Total: 1008 creatures vanquished

Notes
Turn   | Place    | Note
--------------------------------------------------------------
     0 | D        | BluebellGnoll, the Minotaur Gladiator, began the quest for the Orb.
     0 | D        | Reached XP level 1. HP: 18/18 MP: 1/1
     0 | D        | Found a viscous altar of Jiyva.
     0 | D        | Found a corrupted altar of Lugonu.
     0 | D        | Found a white marble altar of Elyvilon.
     2 | D        | Found a sparkling altar of Nemelex Xobeh.
     2 | D        | Found a burning altar of Makhleb.
     2 | D        | Found a deep blue altar of Sif Muna.
     3 | D        | Found a bloodstained altar of Trog.
     6 | D        | Found an iron altar of Okawaru.
     9 | D        | Found a radiant altar of Vehumet.
    10 | D        | Found a basalt altar of Yredelemnul.
    22 | D        | Reached skill level 8 in Armour
    22 | D        | Reached XP level 2. HP: 25/25 MP: 1/1
    27 | D        | Found a shimmering altar of Xom.
    69 | D        | Became a worshipper of Makhleb the Destroyer
    73 | D        | Entered arena 1.
    73 | D        | Noticed an ice beast
    75 | D        | Killed an ice beast
    75 | D        | Reached skill level 5 in Fighting
    75 | D        | Reached XP level 3. HP: 30/37 MP: 2/2
    75 | D        | Reached XP level 4. HP: 35/44 MP: 2/2
   106 | D        | Entered arena 2.
   106 | D        | Noticed a crimson imp
   108 | D        | Killed a crimson imp
   108 | D        | Acquired Makhleb's first power
   109 | D        | Reached XP level 5. HP: 51/51 MP: 2/2
   110 | D        | Acquired Makhleb's second power
   110 | D        | Reached skill level 9 in Polearms
   119 | D        | Got the amulet of Kheil {Ward rF+ rN+}
   122 | D        | Entered arena 3.
   122 | D        | Noticed a scorpion
   122 | D        | Noticed a jumping spider
   122 | D        | Noticed a scorpion
   128 | D        | Killed a scorpion
   132 | D        | Killed a jumping spider
   132 | D        | Acquired Makhleb's third power
   132 | D        | Reached skill level 11 in Polearms
   132 | D        | Reached XP level 6. HP: 36/66 MP: 3/3
   133 | D        | Killed a scorpion
   133 | D        | Reached skill level 10 in Fighting
   133 | D        | Reached skill level 12 in Polearms
   280 | D        | Entered arena 4.
   280 | D        | Noticed an iguana
   280 | D        | Noticed an iguana
   280 | D        | Noticed an iguana
   282 | D        | Killed an iguana
   283 | D        | Killed an iguana
   284 | D        | Killed an iguana
   284 | D        | Acquired Makhleb's fourth power
   284 | D        | Reached XP level 7. HP: 72/72 MP: 3/3
   299 | D        | Entered arena 5.
   299 | D        | Noticed a spriggan
   299 | D        | Noticed a spriggan
   299 | D        | Noticed a black bear
   299 | D        | Noticed a spriggan
   299 | D        | Noticed a wolf
   300 | D        | Killed a wolf
   300 | D        | Reached skill level 14 in Polearms
   303 | D        | Killed a spriggan
   307 | D        | Killed a spriggan
   307 | D        | Acquired Makhleb's fifth power
   307 | D        | Reached skill level 15 in Polearms
   308 | D        | Killed a spriggan
   308 | D        | Reached skill level 16 in Polearms
   308 | D        | Reached XP level 8. HP: 79/79 MP: 3/3
   309 | D        | Killed a black bear
   322 | D        | Got the amulet of Sase Leg {Ward +Blink +Inv rN+ MR+ Str+2 Stlth++}
   324 | D        | Entered arena 6.
   324 | D        | Noticed a black bear
   324 | D        | Noticed a spriggan
   324 | D        | Noticed a black bear
   324 | D        | Noticed a black bear
   324 | D        | Noticed a spriggan rider
   324 | D        | Noticed a spriggan
   328 | D        | Killed a yellow wasp
   330 | D        | Killed a spriggan
   330 | D        | Reached skill level 17 in Polearms
   331 | D        | Killed a black bear
   332 | D        | Killed a spriggan
   332 | D        | Reached skill level 18 in Polearms
   333 | D        | Killed a black bear
   334 | D        | Killed a spriggan
   335 | D        | Killed a black bear
   335 | D        | Reached skill level 19 in Polearms
   335 | D        | Reached XP level 9. HP: 85/85 MP: 4/4
   370 | D        | Entered arena 7.
   370 | D        | Noticed a crimson imp
   370 | D        | Noticed a bone dragon
   370 | D        | Noticed an iron imp
   370 | D        | Noticed a wraith
   370 | D        | Noticed an ancient zyme
   373 | D        | Killed an iron imp
   377 | D        | Killed an ancient zyme
   380 | D        | Killed a wraith
   380 | D        | Reached skill level 5 in Evocations
   381 | D        | Killed a crimson imp
   399 | D        | Killed a bone dragon
   399 | D        | Reached XP level 10. HP: 93/93 MP: 5/22
   431 | D        | Entered arena 8.
   431 | D        | Noticed a hippogriff
   431 | D        | Noticed a merfolk
   431 | D        | Noticed a merfolk
   438 | D        | Killed a merfolk
   441 | D        | Killed a merfolk
   441 | D        | Killed a hippogriff
   441 | D        | Reached skill level 5 in Shields
   458 | D        | Entered arena 9.
   458 | D        | Noticed a wight
   458 | D        | Noticed a necrophage
   458 | D        | Noticed a necrophage
   458 | D        | Noticed a wight
   459 | D        | Killed a wight
   465 | D        | Killed a wight
   465 | D        | Reached skill level 1 in Invocations
   467 | D        | Killed a necrophage
   468 | D        | Killed a necrophage
   479 | D        | Entered arena 10.
   479 | D        | Noticed a jelly
   479 | D        | Noticed a slime creature
   479 | D        | Noticed a jelly
   479 | D        | Noticed a jelly
   479 | D        | Noticed a golden eye
   479 | D        | Noticed a shining eye
   482 | D        | Killed a jelly
   484 | D        | Killed a golden eye
   485 | D        | Killed a shining eye
   488 | D        | Killed a jelly
   488 | D        | Killed a jelly
   491 | D        | Killed a slime creature
   497 | D        | Got the ring "Jiogash" {rPois Stlth-}
   502 | D        | Got the cursed ring of Qumnarua {rElec rPois Dex-3}
   503 | D        | Entered arena 11.
   503 | D        | Noticed a vampire mage
   503 | D        | Noticed a skeletal warrior
   503 | D        | Noticed a shadow
   503 | D        | Noticed a skeletal warrior
   503 | D        | Noticed a skeletal warrior
   505 | D        | Noticed a necromancer
   505 | D        | Killed a shadow
   505 | D        | Killed a necromancer
   505 | D        | Reached skill level 5 in Invocations
   507 | D        | Noticed a wight
   512 | D        | Killed a skeletal warrior
   515 | D        | Killed a skeletal warrior
   524 | D        | Killed a vampire mage
   524 | D        | Reached skill level 10 in Shields
   524 | D        | Reached XP level 11. HP: 98/100 MP: 23/23
   530 | D        | Killed a skeletal warrior
   531 | D        | Killed a wight
   544 | D        | Got the +8 glaive "Temetz" {flame, rElec rC++}
   563 | D        | Entered arena 12.
   563 | D        | Noticed a necromancer
   563 | D        | Noticed a vampire
   563 | D        | Noticed a necrophage
   563 | D        | Noticed a vampire knight
   563 | D        | Noticed a vampire
   563 | D        | Noticed a vampire knight
   563 | D        | Noticed a wight
   564 | D        | Noticed a ghoul
   564 | D        | Killed a vampire
   566 | D        | Noticed a skeletal warrior
   571 | D        | Killed a wight
   571 | D        | Killed a vampire
   581 | D        | Killed a skeletal warrior
   587 | D        | Killed a necrophage
   606 | D        | Killed a vampire knight
   606 | D        | Reached skill level 20 in Polearms
   608 | D        | Killed a necromancer
   608 | D        | Reached skill level 21 in Polearms
   615 | D        | Killed a vampire knight
   615 | D        | Reached skill level 22 in Polearms
   621 | D        | Killed a ghoul
   621 | D        | Reached skill level 23 in Polearms
   742 | D        | Entered arena 13.
   742 | D        | Noticed a vampire mage
   742 | D        | Noticed a wight
   742 | D        | Noticed a skeletal warrior
   746 | D        | Killed a vampire mage
   747 | D        | Noticed a shadow
   747 | D        | Noticed a wight
   747 | D        | Noticed a necrophage
   747 | D        | Noticed a necromancer
   748 | D        | Noticed a wight
   748 | D        | Noticed a necrophage
   749 | D        | Killed a wight
   753 | D        | Killed a skeletal warrior
   755 | D        | Killed a necrophage
   758 | D        | Killed a wight
   759 | D        | Killed a wight
   760 | D        | Killed a necrophage
   763 | D        | Killed a necromancer
   763 | D        | Killed a shadow
   763 | D        | Reached skill level 24 in Polearms
   794 | D        | Got the ring "Acogg" {+Fly rC++ Str+2 Slay+4 Stlth++}
   803 | D        | Entered arena 14.
   803 | D        | Noticed a troll
   803 | D        | Noticed a boring beetle
   803 | D        | Noticed a ghost crab
   803 | D        | a ghost crab changed into a wind drake
   804 | D        | Noticed a faun
   805 | D        | Noticed a lindwurm
   805 | D        | Noticed a shining eye
   805 | D        | Noticed a shining eye
   805 | D        | Noticed a redback
   806 | D        | Noticed a polar bear
   806 | D        | Noticed a merfolk
   807 | D        | Noticed a torpor snail
   807 | D        | Noticed a deep troll
   807 | D        | a torpor snail changed into a deep troll
   807 | D        | a merfolk changed into a water nymph
   808 | D        | Noticed a cyan very ugly thing
   808 | D        | a polar bear changed into a baby alligator
   809 | D        | Noticed a brown very ugly thing
   810 | D        | Killed a troll
   811 | D        | a redback changed into an elephant
   821 | D        | Killed a lindwurm
   821 | D        | Reached XP level 12. HP: 115/115 MP: 25/25
   827 | D        | Killed a shining eye
   828 | D        | Killed a cyan very ugly thing
   834 | D        | Noticed a ghost crab
   834 | D        | a lindwurm changed into a ghost crab
   837 | D        | Killed a ghost crab
   837 | D        | Reached skill level 15 in Fighting
   845 | D        | a boring beetle changed into a manticore
   849 | D        | Killed a white very ugly thing
   852 | D        | Killed a shining eye
   874 | D        | Got the ring "Neipliq" {+cTele +Rage +Inv +Fly MR++ Stlth+}
   887 | D        | Entered arena 15.
   887 | D        | Noticed a vampire
   887 | D        | Noticed a vampire knight
   887 | D        | Noticed a vampire knight
   887 | D        | Noticed a vampire mage
   887 | D        | Noticed a wight
   888 | D        | Noticed a ghoul
   888 | D        | Noticed a necromancer
   889 | D        | Noticed a lich
   889 | D        | Noticed a vampire knight
   889 | D        | Noticed a wight
   889 | D        | Noticed a vampire mage
   891 | D        | Noticed a lich
   896 | D        | Killed a wight
   903 | D        | Killed a wight
   910 | D        | Killed a vampire mage
   910 | D        | Killed a vampire knight
   911 | D        | Killed a vampire knight
   912 | D        | Killed a vampire
   916 | D        | Killed a lich
   916 | D        | Reached skill level 15 in Shields
   921 | D        | Killed a vampire mage
   922 | D        | Noticed a jiangshi
   923 | D        | Banished a vampire knight
   924 | D        | Killed a ghoul
   924 | D        | Killed a necromancer
   927 | D        | Killed a lich
   927 | D        | Reached XP level 13. HP: 82/138 MP: 26/26
  1095 | D        | Entered arena 16.
  1097 | D        | Noticed an orc warlord
  1098 | D        | Noticed an orc warlord
  1098 | D        | Noticed an ogre
  1100 | D        | Noticed an orc warrior
  1101 | D        | Noticed an orc knight
  1103 | D        | Killed an ogre
  1107 | D        | Noticed an orc warrior
  1108 | D        | Noticed an orc sorcerer
  1108 | D        | Killed an orc warlord
  1115 | D        | Killed an orc warlord
  1118 | D        | Killed an orc sorcerer
  1120 | D        | Killed an orc knight
  1120 | D        | Killed an orc warrior
  1122 | D        | Killed an orc warrior
  1160 | D        | Entered arena 17.
  1162 | D        | Noticed an anaconda
  1163 | D        | Noticed a guardian serpent
  1163 | D        | Noticed a water moccasin
  1164 | D        | Noticed a water moccasin
  1164 | D        | Noticed a naga mage
  1164 | D        | Noticed a naga
  1165 | D        | Noticed an anaconda
  1165 | D        | Killed a guardian serpent
  1166 | D        | Noticed a water moccasin
  1166 | D        | Noticed a naga
  1167 | D        | Noticed a black mamba
  1167 | D        | Killed a water moccasin
  1173 | D        | Killed an anaconda
  1175 | D        | Noticed a naga mage
  1176 | D        | Noticed a naga
  1177 | D        | Killed a naga mage
  1180 | D        | Killed an anaconda
  1181 | D        | Killed a black mamba
  1187 | D        | Killed a water moccasin
  1190 | D        | Killed a water moccasin
  1194 | D        | Killed a naga mage
  1198 | D        | Killed a naga
  1199 | D        | Killed a naga
  1201 | D        | Killed a naga
  1235 | D        | Got the amulet of Skeosoff {Gourm Contam rElec rN+ Slay+5}
  1256 | D        | Entered arena 18.
  1262 | D        | Noticed a deep elf blademaster
  1262 | D        | Noticed a deep elf mage
  1263 | D        | Noticed a deep elf priest
  1263 | D        | Noticed a deep elf blademaster
  1263 | D        | Noticed a deep elf mage
  1263 | D        | Noticed a deep elf high priest
  1263 | D        | Noticed a deep elf priest
  1264 | D        | Noticed a deep elf summoner
  1264 | D        | Noticed an orc sorcerer
  1265 | D        | Noticed a deep elf priest
  1265 | D        | Killed a deep elf priest
  1265 | D        | Reached skill level 25 in Polearms
  1266 | D        | Noticed a deep elf high priest
  1266 | D        | Noticed a deep elf knight
  1266 | D        | Killed a deep elf mage
  1267 | D        | Noticed a deep elf sorcerer
  1267 | D        | Noticed a deep elf fighter
  1267 | D        | Noticed a deep elf fighter
  1267 | D        | Killed a deep elf blademaster
  1271 | D        | Killed a deep elf priest
  1271 | D        | Killed a deep elf blademaster
  1272 | D        | Killed a deep elf high priest
  1272 | D        | Killed an orc sorcerer
  1277 | D        | Killed a deep elf summoner
  1279 | D        | Killed a deep elf sorcerer
  1280 | D        | Killed a deep elf mage
  1286 | D        | Killed a deep elf fighter
  1289 | D        | Killed a deep elf knight
  1289 | D        | Reached skill level 26 in Polearms
  1295 | D        | Killed a deep elf high priest
  1298 | D        | Killed a deep elf fighter
  1302 | D        | Killed a deep elf priest
  1314 | D        | Got the ring "Sheon" {Fire Int+4 Dex+2}
  1395 | D        | Entered arena 19.
  1409 | D        | Noticed an ophan
  1415 | D        | Noticed a pearl dragon
  1415 | D        | Killed an ophan
  1419 | D        | Noticed an apis
  1419 | D        | Noticed a cherub
  1419 | D        | Noticed a pearl dragon
  1419 | D        | Noticed an ophan
  1441 | D        | Killed a pearl dragon
  1445 | D        | Killed a pearl dragon
  1445 | D        | Reached XP level 14. HP: 157/157 MP: 27/27
  1451 | D        | Killed a cherub
  1459 | D        | Killed an apis
  1459 | D        | Reached skill level 27 in Polearms
  1464 | D        | Killed an ophan
  1496 | D        | Got the cursed ring "Khiub" {rF++ rN+ MR+ EV+1}
  1504 | D        | Got the cursed ring "Xotaeh" {rF+ rN+}
  1531 | D        | Entered arena 20.
  1539 | D        | Noticed a slime creature
  1541 | D        | Noticed a slime creature
  1541 | D        | Noticed a shining eye
  1541 | D        | Noticed a jelly
  1541 | D        | Noticed an eye of draining
  1541 | D        | Noticed a jelly
  1543 | D        | Noticed a slime creature
  1543 | D        | Noticed a slime creature
  1543 | D        | Noticed a slime creature
  1544 | D        | Noticed an acid blob
  1544 | D        | Noticed a jelly
  1544 | D        | Noticed an acid blob
  1544 | D        | Noticed a slime creature
  1544 | D        | Killed a large slime creature
  1545 | D        | Noticed an acid blob
  1545 | D        | Noticed a death ooze
  1545 | D        | Noticed a death ooze
  1546 | D        | Killed a jelly
  1547 | D        | Killed a jelly
  1548 | D        | Noticed an eye of draining
  1549 | D        | Noticed a great orb of eyes
  1551 | D        | Killed a shining eye
  1551 | D        | Killed an eye of draining
  1558 | D        | Noticed a golden eye
  1558 | D        | Noticed a slime creature
  1558 | D        | Noticed a jelly
  1559 | D        | Noticed a shining eye
  1559 | D        | Killed an acid blob
  1560 | D        | Noticed a slime creature
  1560 | D        | Killed an acid blob
  1561 | D        | Killed a death ooze
  1562 | D        | Killed a jelly
  1562 | D        | Killed a jelly
  1563 | D        | Killed a golden eye
  1563 | D        | Killed a great orb of eyes
  1563 | D        | Killed an eye of draining
  1563 | D        | Paralysed by a giant eyeball for 3 turns
  1564 | D        | Killed a slime creature
  1564 | D        | Killed a slime creature
  1565 | D        | Killed a shining eye
  1567 | D        | Killed a slime creature
  1571 | D        | Killed an acid blob
  1571 | D        | Reached skill level 27 in Fighting
  1572 | D        | Killed a death ooze
  1581 | D        | Killed a very large slime creature
  1628 | D        | Got the ring of Scheol {+Blink rPois rC+ rN+ Slay+4 SInv Stlth++}
  1636 | D        | Entered arena 21.
  1647 | D        | Noticed a ghoul
  1647 | D        | Noticed a soul eater
  1647 | D        | Noticed a shadow dragon
  1648 | D        | Noticed a necrophage
  1648 | D        | Noticed a reaper
  1650 | D        | Noticed an ice devil
  1651 | D        | Noticed a shadow
  1652 | D        | Noticed a flying skull
  1652 | D        | Noticed a soul eater
  1652 | D        | Noticed a soul eater
  1656 | D        | Killed a necrophage
  1656 | D        | Killed a shadow dragon
  1656 | D        | Reached skill level 10 in Armour
  1657 | D        | Noticed a ghoul
  1660 | D        | Noticed a necrophage
  1664 | D        | Killed a soul eater
  1669 | D        | Killed an ice devil
  1671 | D        | Killed a soul eater
  1677 | D        | Killed a soul eater
  1678 | D        | Killed a shadow
  1682 | D        | Killed a ghoul
  1682 | D        | Killed a flying skull
  1683 | D        | Killed a ghoul
  1684 | D        | Killed a reaper
  1684 | D        | Killed a necrophage
  1741 | D        | Entered arena 22.
  1754 | D        | Noticed a glowing shapeshifter
  1754 | D        | Noticed an eye of devastation
  1754 | D        | a glowing shapeshifter changed into an elf
  1756 | D        | Noticed a glowing shapeshifter
  1756 | D        | Noticed a blink frog
  1756 | D        | Noticed a titan
  1756 | D        | Noticed a shock serpent
  1756 | D        | Noticed a shard shrike
  1756 | D        | Noticed a raven
  1756 | D        | Noticed an unseen horror
  1756 | D        | Noticed an elf
  1756 | D        | a glowing shapeshifter changed into a swamp dragon
  1756 | D        | a shock serpent changed into a water nymph
  1756 | D        | a raven changed into a golden eye
  1757 | D        | Noticed a death drake
  1757 | D        | Noticed a raiju
  1757 | D        | a blink frog changed into a troll
  1757 | D        | an unseen horror changed into a salamander
  1759 | D        | Killed a raiju
  1760 | D        | Noticed a quicksilver dragon
  1760 | D        | Noticed a titan
  1761 | D        | Noticed a torpor snail
  1761 | D        | Noticed an emperor scorpion
  1761 | D        | an alligator changed into an emperor scorpion
  1761 | D        | Noticed a caustic shrike
  1761 | D        | a quicksilver dragon changed into a caustic shrike
  1761 | D        | an eye of devastation changed into a sea snake
  1762 | D        | Noticed a storm dragon
  1762 | D        | Noticed a wind drake
  1762 | D        | a storm dragon changed into a catoblepas
  1763 | D        | Noticed a slime creature
  1766 | D        | Noticed a shard shrike
  1768 | D        | Noticed a titan
  1768 | D        | a shard shrike changed into a titan
  1768 | D        | Noticed a storm dragon
  1768 | D        | a catoblepas changed into a storm dragon
  1768 | D        | Noticed a storm dragon
  1768 | D        | an emperor scorpion changed into a storm dragon
  1770 | D        | a slime creature changed into a shining eye
  1770 | D        | Noticed a kraken
  1770 | D        | a storm dragon changed into a kraken
  1771 | D        | Noticed a quicksilver dragon
  1771 | D        | a kraken changed into a quicksilver dragon
  1772 | D        | Noticed a shard shrike
  1772 | D        | a titan changed into a shard shrike
  1773 | D        | Noticed a titan
  1773 | D        | a shard shrike changed into a titan
  1773 | D        | Noticed a shard shrike
  1773 | D        | a titan changed into a shard shrike
  1773 | D        | a quicksilver dragon changed into a dire elephant
  1775 | D        | Noticed a titan
  1775 | D        | a shard shrike changed into a titan
  1775 | D        | Killed an elf
  1778 | D        | Noticed a golden dragon
  1778 | D        | a titan changed into a golden dragon
  1778 | D        | Noticed a ghost moth
  1778 | D        | a griffon changed into a ghost moth
  1779 | D        | Killed a wind drake
  1779 | D        | Noticed a sphinx
  1779 | D        | a golden dragon changed into a sphinx
  1780 | D        | Noticed an emperor scorpion
  1780 | D        | an emperor scorpion changed into a queen ant
  1781 | D        | Noticed an iron dragon
  1781 | D        | Noticed a shard shrike
  1781 | D        | a titan changed into a shard shrike
  1782 | D        | Noticed a fire giant
  1782 | D        | Noticed a frost giant
  1782 | D        | a fire giant changed into a frost giant
  1783 | D        | Noticed a ghost moth
  1783 | D        | a sphinx changed into an alligator snapping turtle
  1785 | D        | a ghost moth changed into a griffon
  1787 | D        | Reached skill level 15 in Evocations
  1789 | D        | Noticed an emperor scorpion
  1789 | D        | a catoblepas changed into an emperor scorpion
  1789 | D        | Noticed a sphinx
  1789 | D        | an alligator snapping turtle changed into a sphinx
  1790 | D        | Noticed a caustic shrike
  1790 | D        | a sphinx changed into a caustic shrike
  1790 | D        | Noticed a shadow dragon
  1790 | D        | an iron dragon changed into a shadow dragon
  1791 | D        | a shadow dragon changed into an alligator snapping turtle
  1792 | D        | Noticed a frost giant
  1792 | D        | an emperor scorpion changed into a minotaur
  1793 | D        | Noticed an azure jelly
  1793 | D        | an alligator snapping turtle changed into an azure jelly
  1796 | D        | Killed a frost giant
  1797 | D        | Noticed a fire giant
  1797 | D        | an azure jelly changed into a fire giant
  1800 | D        | Noticed a shadow dragon
  1800 | D        | a frost giant changed into a shadow dragon
  1802 | D        | a shadow dragon changed into a stone giant
  1802 | D        | Noticed a frost giant
  1802 | D        | a fire giant changed into a frost giant
  1805 | D        | Noticed a quicksilver dragon
  1805 | D        | a frost giant changed into a quicksilver dragon
  1808 | D        | Noticed a fire giant
  1808 | D        | a caustic shrike changed into a fire giant
  1808 | D        | Noticed a fire giant
  1808 | D        | a quicksilver dragon changed into a fire giant
  1809 | D        | Noticed a caustic shrike
  1809 | D        | a stone giant changed into a caustic shrike
  1809 | D        | Noticed a sphinx
  1809 | D        | a fire giant changed into a sphinx
  1811 | D        | Noticed a storm dragon
  1811 | D        | a dire elephant changed into a storm dragon
  1812 | D        | a caustic shrike changed into a dire elephant
  1813 | D        | Killed a sphinx
  1814 | D        | Noticed a frost giant
  1814 | D        | a fire giant changed into a frost giant
  1816 | D        | a storm dragon changed into a dire elephant
  1816 | D        | Noticed a caustic shrike
  1816 | D        | a frost giant changed into a caustic shrike
  1819 | D        | Noticed a storm dragon
  1819 | D        | a caustic shrike changed into a storm dragon
  1821 | D        | Noticed a caustic shrike
  1821 | D        | a dire elephant changed into a caustic shrike
  1822 | D        | a storm dragon changed into an eight-headed hydra
  1824 | D        | Noticed a frost giant
  1824 | D        | a dire elephant changed into a frost giant
  1826 | D        | Noticed a fire giant
  1826 | D        | a frost giant changed into a fire giant
  1830 | D        | Killed a caustic shrike
  1830 | D        | Reached XP level 15. HP: 174/174 MP: 11/31
  1832 | D        | Noticed a shadow dragon
  1832 | D        | a fire giant changed into a shadow dragon
  1838 | D        | Killed a shadow dragon
  1890 | D        | Identified a +1 pair of boots of running (You found it in the Dungeon)
  1911 | D        | Entered arena 23.
  1918 | D        | Noticed a reaper
  1919 | D        | Killed a freezing wraith
  1920 | D        | Noticed an ice dragon
  1920 | D        | Noticed a flying skull
  1920 | D        | Noticed an ice devil
  1921 | D        | Noticed a freezing wraith
  1922 | D        | Noticed an ice devil
  1923 | D        | Killed a freezing wraith
  1924 | D        | Noticed a flying skull
  1926 | D        | Killed an ice devil
  1929 | D        | Noticed a skeletal warrior
  1931 | D        | Killed an ice dragon
  1933 | D        | Killed a flying skull
  1934 | D        | Noticed a flying skull
  1935 | D        | Noticed a flying skull
  1935 | D        | Killed a flying skull
  1938 | D        | Noticed a freezing wraith
  1938 | D        | Noticed a reaper
  1939 | D        | Noticed an ice devil
  1939 | D        | Noticed a reaper
  1939 | D        | Noticed a tormentor
  1941 | D        | Killed a flying skull
  1941 | D        | Killed a reaper
  1942 | D        | Killed a reaper
  1944 | D        | Killed a skeletal warrior
  1945 | D        | Noticed a blizzard demon
  1945 | D        | Noticed a blizzard demon
  1949 | D        | Killed a flying skull
  1951 | D        | Killed a blizzard demon
  1952 | D        | Killed a tormentor
  1953 | D        | Killed a freezing wraith
  1956 | D        | Killed a reaper
  1958 | D        | Killed an ice devil
  1960 | D        | Killed a blizzard demon
  1961 | D        | Killed an ice devil
  1999 | D        | Got the ring "Twemov" {rC+ Str+2 Int+3}
  2135 | D        | Entered arena 24.
  2143 | D        | Noticed a reaper
  2145 | D        | Noticed a shard shrike
  2145 | D        | Noticed a shard shrike
  2145 | D        | Noticed an ice devil
  2146 | D        | Noticed a reaper
  2147 | D        | Noticed an ice devil
  2150 | D        | Noticed a wraith
  2151 | D        | Noticed a tormentor
  2152 | D        | Noticed a shard shrike
  2152 | D        | Noticed a freezing wraith
  2152 | D        | Noticed a blue devil
  2152 | D        | Noticed a flying skull
  2153 | D        | Noticed a wraith
  2153 | D        | Noticed an ice beast
  2153 | D        | Noticed a skeletal warrior
  2154 | D        | Noticed a freezing wraith
  2154 | D        | Noticed an ice dragon
  2154 | D        | Noticed an ice devil
  2154 | D        | Killed a shard shrike
  2155 | D        | Noticed a reaper
  2155 | D        | Noticed a blue devil
  2156 | D        | Killed a shard shrike
  2158 | D        | Noticed a reaper
  2159 | D        | Noticed a wight
  2159 | D        | Noticed a skeletal warrior
  2159 | D        | Killed an ice devil
  2160 | D        | Noticed a wight
  2160 | D        | Noticed a tormentor
  2163 | D        | Killed a shard shrike
  2165 | D        | Killed a blue devil
  2166 | D        | Killed a freezing wraith
  2166 | D        | Killed a wight
  2170 | D        | Killed a reaper
  2170 | D        | Killed a wraith
  2172 | D        | Killed a flying skull
  2173 | D        | Killed an ice dragon
  2174 | D        | Killed a tormentor
  2174 | D        | Killed an ice beast
  2177 | D        | Noticed a tormentor
  2177 | D        | Killed an ice devil
  2177 | D        | Killed a freezing wraith
  2179 | D        | Noticed a reaper
  2181 | D        | Killed a wight
  2186 | D        | Killed a blue devil
  2191 | D        | Noticed a skeletal warrior
  2192 | D        | Killed a skeletal warrior
  2194 | D        | Killed a wraith
  2196 | D        | Killed an ice devil
  2199 | D        | Killed a tormentor
  2203 | D        | Killed a tormentor
  2204 | D        | Killed a reaper
  2205 | D        | Killed a reaper
  2206 | D        | Killed a skeletal warrior
  2207 | D        | Killed a reaper
  2211 | D        | Killed a skeletal warrior
  2213 | D        | Killed a reaper
  2346 | D        | Entered arena 25.
  2360 | D        | Noticed an ogre
  2360 | D        | Noticed an orc warrior
  2360 | D        | Killed an ogre
  2361 | D        | Noticed an orc knight
  2361 | D        | Noticed a stone giant
  2361 | D        | Noticed an orc warlord
  2361 | D        | Noticed an orc knight
  2361 | D        | Noticed an orc knight
  2361 | D        | Noticed a troll
  2362 | D        | Noticed an orc sorcerer
  2367 | D        | Noticed a moth of wrath
  2367 | D        | Killed a troll
  2370 | D        | Noticed an orc warlord
  2372 | D        | Noticed a moth of wrath
  2372 | D        | Noticed a stone giant
  2372 | D        | Killed a moth of wrath
  2375 | D        | Noticed a warg
  2376 | D        | Killed a moth of wrath
  2377 | D        | Noticed a stone giant
  2377 | D        | Noticed an orc warrior
  2377 | D        | Killed a warg
  2378 | D        | Noticed an orc sorcerer
  2378 | D        | Killed an orc knight
  2379 | D        | Killed an orc sorcerer
  2381 | D        | Noticed an orc sorcerer
  2381 | D        | Noticed a stone giant
  2382 | D        | Noticed an orc warrior
  2383 | D        | Killed a stone giant
  2384 | D        | Killed an orc knight
  2385 | D        | Killed a stone giant
  2386 | D        | Noticed a moth of wrath
  2386 | D        | Noticed an orc high priest
  2386 | D        | Killed an orc knight
  2386 | D        | Killed an orc warrior
  2387 | D        | Noticed an orc warrior
  2388 | D        | Killed an orc warlord
  2389 | D        | Noticed an orc sorcerer
  2389 | D        | Noticed an orc warrior
  2390 | D        | Killed an orc warrior
  2392 | D        | Killed an orc sorcerer
  2393 | D        | Killed an orc warlord
  2394 | D        | Noticed an orc warlord
  2394 | D        | Noticed an orc high priest
  2395 | D        | Killed a moth of wrath
  2395 | D        | Killed an orc warrior
  2398 | D        | Killed a stone giant
  2398 | D        | Killed a stone giant
  2402 | D        | Killed an orc warrior
  2402 | D        | Killed an orc sorcerer
  2403 | D        | Killed an orc warrior
  2404 | D        | Killed an orc sorcerer
  2406 | D        | Noticed a moth of wrath
  2406 | D        | Noticed a stone giant
  2408 | D        | Killed an orc warlord
  2409 | D        | Reached XP level 16. HP: 183/183 MP: 34/34
  2410 | D        | Killed a stone giant
  2413 | D        | Killed a moth of wrath
  2413 | D        | Killed an orc high priest
  2415 | D        | Killed an orc high priest
  2546 | D        | Entered arena 26.
  2558 | D        | Noticed an Executioner
  2558 | D        | Noticed Ploys the pandemonium lord
  2559 | D        | Noticed an Executioner
  2559 | D        | Noticed Wesamp the pandemonium lord
  2559 | D        | Noticed a blizzard demon
  2560 | D        | Noticed a ynoxinul
  2560 | D        | Noticed Kutay the pandemonium lord
  2561 | D        | Noticed Imiushro the pandemonium lord
  2561 | D        | Noticed Peymi the pandemonium lord
  2562 | D        | Noticed Zuve the pandemonium lord
  2562 | D        | Noticed Cleun the pandemonium lord
  2562 | D        | Noticed Hoiceteb the pandemonium lord
  2563 | D        | Noticed Thydan the pandemonium lord
  2564 | D        | Noticed Bor Iteps the pandemonium lord
  2564 | D        | Noticed Blehewi the pandemonium lord
  2564 | D        | Noticed Keti the pandemonium lord
  2564 | D        | Noticed an Executioner
  2565 | D        | Noticed Schemn the pandemonium lord
  2565 | D        | Noticed Skatavot the pandemonium lord
  2565 | D        | Noticed a blizzard demon
  2566 | D        | Noticed Khenor the pandemonium lord
  2566 | D        | Noticed Uxea the pandemonium lord
  2567 | D        | Noticed Kemealot the pandemonium lord
  2567 | D        | Noticed Mitz the pandemonium lord
  2569 | D        | Noticed Ferawn the pandemonium lord
  2572 | D        | Noticed Larch the pandemonium lord
  2572 | D        | Killed an Executioner
  2574 | D        | Noticed Psaggag the pandemonium lord
  2574 | D        | Noticed Hylleif the pandemonium lord
  2574 | D        | Noticed a monstrous demonspawn
  2574 | D        | Killed an Executioner
  2575 | D        | Noticed a tentacled monstrosity
  2575 | D        | Noticed Crubuppo the pandemonium lord
  2577 | D        | Noticed Ytucaw the pandemonium lord
  2578 | D        | Noticed Wuckaar the pandemonium lord
  2578 | D        | Killed Wesamp the pandemonium lord
  2581 | D        | Noticed an Executioner
  2581 | D        | Killed Kutay the pandemonium lord
  2582 | D        | Noticed a Shadow Fiend
  2585 | D        | Noticed Hoogh the pandemonium lord
  2587 | D        | Noticed a lorocyproca
  2589 | D        | Noticed Mamawum the pandemonium lord
  2589 | D        | Noticed an ice devil
  2590 | D        | Noticed Cubuqouw the pandemonium lord
  2591 | D        | Killed Ploys the pandemonium lord
  2591 | D        | Reached skill level 27 in Armour
  2592 | D        | Noticed Protaa the pandemonium lord
  2593 | D        | Noticed Thrynergh the pandemonium lord
  2594 | D        | Noticed Noegonagh the pandemonium lord
  2596 | D        | Noticed Schyetun the pandemonium lord
  2596 | D        | Noticed Voaxutio the pandemonium lord
  2596 | D        | Noticed Stocejap the pandemonium lord
  2597 | D        | Noticed a Shadow Fiend
  2602 | D        | Noticed a Shadow Fiend
  2602 | D        | Killed Keti the pandemonium lord
  2604 | D        | Noticed an Ice Fiend
  2604 | D        | Noticed Oviexziu the pandemonium lord
  2608 | D        | Noticed a putrid chaos champion
  2608 | D        | Killed Hoiceteb the pandemonium lord
  2609 | D        | Noticed a tentacled monstrosity
  2610 | D        | Noticed a Hell Sentinel
  2610 | D        | Noticed a red devil
  2613 | D        | Noticed a hellwing
  2613 | D        | Noticed Theus the pandemonium lord
  2614 | D        | Killed Cubuqouw the pandemonium lord
  2614 | D        | Reached skill level 27 in Shields
  2616 | D        | Killed Kemealot the pandemonium lord
  2618 | D        | Noticed a ynoxinul
  2620 | D        | Killed Peymi the pandemonium lord
  2620 | D        | Reached XP level 17. HP: 86/191 MP: 34/36
  2623 | D        | Noticed Wunwysit the pandemonium lord
  2624 | D        | Noticed Tryptis the pandemonium lord
  2627 | D        | Paralysed by a giant eyeball for 3 turns
  2636 | D        | Killed a monstrous demonspawn
  2642 | D        | Killed Wuckaar the pandemonium lord
  2644 | D        | Killed a putrid chaos champion
  2651 | D        | HP: 7/191 [Schyetun the pandemonium lord (10)]
  2652 | D        | Killed an ice devil
  2657 | D        | Killed Schyetun the pandemonium lord
  2660 | D        | Noticed Prenneak the pandemonium lord
  2667 | D        | Killed Protaa the pandemonium lord
  2667 | D        | Reached skill level 27 in Evocations
  2667 | D        | Killed a blizzard demon
  2672 | D        | Killed Mitz the pandemonium lord
  2675 | D        | Killed a Shadow Fiend
  2683 | D        | Killed Khenor the pandemonium lord
  2684 | D        | Killed a Shadow Fiend
  2684 | D        | Reached skill level 15 in Unarmed Combat
  2685 | D        | Noticed a large abomination
  2687 | D        | Killed a blizzard demon
  2688 | D        | Killed Thrynergh the pandemonium lord
  2694 | D        | Killed a large abomination
  2697 | D        | Killed Stocejap the pandemonium lord
  2701 | D        | Killed a ynoxinul
  2704 | D        | Killed Skatavot the pandemonium lord
  2705 | D        | Killed a tentacled monstrosity
  2706 | D        | Noticed a tentacled monstrosity
  2713 | D        | Killed a hellwing
  2716 | D        | Killed a tentacled monstrosity
  2717 | D        | Killed Hylleif the pandemonium lord
  2719 | D        | Killed a ynoxinul
  2724 | D        | Killed Larch the pandemonium lord
  2730 | D        | Killed Mamawum the pandemonium lord
  2730 | D        | Reached XP level 18. HP: 89/200 MP: 13/38
  2730 | D        | Killed Theus the pandemonium lord
  2734 | D        | Killed an Executioner
  2735 | D        | Killed Psaggag the pandemonium lord
  2735 | D        | Killed Bor Iteps the pandemonium lord
  2738 | D        | Killed Zuve the pandemonium lord
  2738 | D        | Reached skill level 27 in Unarmed Combat
  2739 | D        | Killed Ferawn the pandemonium lord
  2740 | D        | Killed Ytucaw the pandemonium lord
  2744 | D        | Killed Uxea the pandemonium lord
  2744 | D        | Killed a lorocyproca
  2745 | D        | Killed Voaxutio the pandemonium lord
  2745 | D        | Reached skill level 15 in Dodging
  2747 | D        | Killed Hoogh the pandemonium lord
  2749 | D        | Killed Tryptis the pandemonium lord
  2752 | D        | Killed Imiushro the pandemonium lord
  2756 | D        | Killed Cleun the pandemonium lord
  2757 | D        | Killed Noegonagh the pandemonium lord
  2769 | D        | Killed Crubuppo the pandemonium lord
  2770 | D        | Killed Blehewi the pandemonium lord
  2777 | D        | Killed Thydan the pandemonium lord
  2785 | D        | Killed Oviexziu the pandemonium lord
  2787 | D        | Killed an Executioner
  2788 | D        | Identified a +9 rod of clouds (17/17) (You found it in the Dungeon)
  2790 | D        | Killed a red devil
  2795 | D        | Killed Prenneak the pandemonium lord
  2799 | D        | Killed Wunwysit the pandemonium lord
  2804 | D        | Killed Schemn the pandemonium lord
  2804 | D        | Reached XP level 19. HP: 207/207 MP: 26/39
  2890 | D        | Got the amulet "Toatusaq" {+Rage Dex+5}
  2896 | D        | Got the ring of Grace {+Blink +Inv Int-5}
  2989 | D        | Entered arena 27.
  3004 | D        | Noticed a titan
  3005 | D        | Noticed a wind drake
  3005 | D        | Noticed an insubstantial wisp
  3005 | D        | Noticed a titan
  3009 | D        | Noticed an insubstantial wisp
  3014 | D        | Noticed a spriggan air mage
  3015 | D        | Killed an insubstantial wisp
  3016 | D        | Noticed a spriggan air mage
  3020 | D        | Noticed an air elemental
  3022 | D        | Killed a spriggan air mage
  3024 | D        | Noticed a spriggan air mage
  3024 | D        | Noticed an insubstantial wisp
  3024 | D        | Noticed an insubstantial wisp
  3026 | D        | Noticed a storm dragon
  3026 | D        | Noticed an air elemental
  3027 | D        | Noticed a wind drake
  3027 | D        | Killed a titan
  3028 | D        | Noticed a wind drake
  3028 | D        | Noticed an insubstantial wisp
  3029 | D        | Noticed a wind drake
  3031 | D        | Noticed an air elemental
  3031 | D        | Killed a spriggan air mage
  3031 | D        | Killed an air elemental
  3032 | D        | Noticed an insubstantial wisp
  3032 | D        | Noticed an air elemental
  3032 | D        | Noticed a spriggan air mage
  3033 | D        | Noticed a titan
  3033 | D        | Noticed a storm dragon
  3035 | D        | Noticed an air elemental
  3035 | D        | Noticed a spriggan air mage
  3035 | D        | Noticed an insubstantial wisp
  3036 | D        | Noticed an electric golem
  3036 | D        | Noticed a titan
  3036 | D        | Noticed an air elemental
  3037 | D        | Noticed a storm dragon
  3037 | D        | Noticed a storm dragon
  3037 | D        | Noticed an air elemental
  3038 | D        | Noticed a spriggan air mage
  3038 | D        | Noticed a storm dragon
  3039 | D        | Noticed an electric golem
  3039 | D        | Noticed a storm dragon
  3039 | D        | Noticed a storm dragon
  3039 | D        | Noticed an electric golem
  3039 | D        | Noticed a wind drake
  3040 | D        | Noticed a wind drake
  3040 | D        | Noticed an insubstantial wisp
  3040 | D        | Noticed a wind drake
  3040 | D        | Noticed a spriggan air mage
  3042 | D        | Killed an air elemental
  3043 | D        | Killed an air elemental
  3045 | D        | Noticed a wind drake
  3046 | D        | Noticed a wind drake
  3046 | D        | Killed an air elemental
  3047 | D        | Noticed a titan
  3047 | D        | Noticed an electric golem
  3047 | D        | Noticed a titan
  3047 | D        | Noticed an insubstantial wisp
  3047 | D        | Noticed a storm dragon
  3047 | D        | Noticed an insubstantial wisp
  3047 | D        | Noticed an electric golem
  3047 | D        | Noticed an electric golem
  3047 | D        | Noticed an insubstantial wisp
  3047 | D        | Noticed a titan
  3047 | D        | Noticed a spriggan air mage
  3047 | D        | Noticed a titan
  3047 | D        | Noticed a titan
  3048 | D        | Noticed an electric golem
  3049 | D        | Killed an air elemental
  3050 | D        | Killed an insubstantial wisp
  3051 | D        | Killed a titan
  3051 | D        | Killed a wind drake
  3052 | D        | Killed an insubstantial wisp
  3055 | D        | Noticed a spriggan air mage
  3057 | D        | Killed an insubstantial wisp
  3059 | D        | Killed an insubstantial wisp
  3060 | D        | Killed a wind drake
  3061 | D        | Killed an insubstantial wisp
  3063 | D        | Noticed an insubstantial wisp
  3063 | D        | Killed an air elemental
  3064 | D        | Killed a wind drake
  3065 | D        | Killed a titan
  3066 | D        | Killed a wind drake
  3066 | D        | Reached skill level 27 in Dodging
  3067 | D        | Killed a spriggan air mage
  3069 | D        | Killed an air elemental
  3070 | D        | Killed a wind drake
  3074 | D        | Killed a wind drake
  3075 | D        | Killed a storm dragon
  3077 | D        | Killed a wind drake
  3079 | D        | Killed a spriggan air mage
  3080 | D        | Killed a spriggan air mage
  3081 | D        | Killed an insubstantial wisp
  3083 | D        | Killed a spriggan air mage
  3085 | D        | Killed a spriggan air mage
  3086 | D        | Killed a spriggan air mage
  3089 | D        | Killed an insubstantial wisp
  3091 | D        | Killed a wind drake
  3092 | D        | Killed a storm dragon
  3092 | D        | Reached skill level 10 in Throwing
  3095 | D        | Killed a storm dragon
  3097 | D        | Killed a storm dragon
  3098 | D        | Killed a wind drake
  3100 | D        | Killed a spriggan air mage
  3101 | D        | Killed an insubstantial wisp
  3103 | D        | Killed a storm dragon
  3106 | D        | Killed an insubstantial wisp
  3106 | D        | Killed a titan
  3107 | D        | Killed a storm dragon
  3107 | D        | Killed an insubstantial wisp
  3107 | D        | Killed a storm dragon
  3107 | D        | Reached skill level 15 in Throwing
  3108 | D        | Killed a titan
  3110 | D        | Killed a titan
  3112 | D        | Killed a titan
  3114 | D        | Killed a storm dragon
  3115 | D        | Killed a titan
  3117 | D        | Killed a titan
  3119 | D        | Killed an insubstantial wisp
  3120 | D        | Identified a +3 rod of clouds (14/14) (You found it in the Dungeon)
  3124 | D        | Killed an electric golem
  3126 | D        | Killed an electric golem
  3132 | D        | Killed an electric golem
  3138 | D        | Killed an electric golem
  3141 | D        | Killed an electric golem
  3152 | D        | Killed an electric golem
  3157 | D        | Killed an electric golem
  3313 | D        | Got the ring "Riap" {rF+ SInv}
  3317 | D        | Got the amulet of Dehoduus {rCorr -Cast rC+ Str+2 Int-3 Slay-5}
  3393 | D        | Got the Orb of Zot
  5545 | D        | Reached skill level 27 in Throwing
  5548 | D        | Reached XP level 20. HP: 216/216 MP: 39/39
  7045 | D        | Noticed Thisoeloa the pandemonium lord
  7059 | D        | Killed Thisoeloa the pandemonium lord
  7059 | D        | Reached skill level 15 in Invocations
 13489 | D        | Escaped with the Orb!

Action                   |  1- 3 |  4- 6 |  7- 9 | 10-12 | 13-15 | 16-18 | 19-21 || total
-------------------------+-------+-------+-------+-------+-------+-------+-------++-------
Melee: Scythe            |     2 |    15 |    24 |       |       |       |       ||    41
       Demon trident     |       |       |    24 |   167 |   268 |   188 |   197 ||   844
       Trident           |       |       |       |       |     5 |       |       ||     5
Throw: Throwing net      |       |       |       |       |       |       |     1 ||     1
 Abil: Evoke Invisibilit |       |       |       |       |     1 |       |     1 ||     2
       Evoke Flight      |       |       |       |       |       |       |     1 ||     1
Evoke: Phial of floods   |       |       |     1 |     8 |    19 |     3 |     6 ||    37
       Wand              |       |       |     1 |     5 |     7 |       |     3 ||    16
       Sack of spiders   |       |       |       |     3 |       |       |     1 ||     4
       Box of beasts     |       |       |       |       |    27 |       |       ||    27
       Rod               |       |       |       |       |    15 |     4 |    19 ||    38
       Lamp of fire      |       |       |       |       |    25 |    27 |    20 ||    72
       Fan of gales      |       |       |       |       |     3 |     1 |       ||     4
       Phantom mirror    |       |       |       |       |       |     1 |       ||     1
       Stone of tremors  |       |       |       |       |       |       |     3 ||     3
  Use: Potion            |     2 |       |       |     8 |     3 |    14 |     9 ||    36
       Scroll            |       |     1 |     1 |     4 |     5 |     2 |     5 ||    18
 Stab: Invisible         |       |       |       |       |     3 |       |     6 ||     9
       Distracted        |       |       |       |       |     1 |     2 |     1 ||     4
       Held in net/web   |       |       |       |       |       |       |     1 ||     1
  Eat: Chunk             |       |       |       |       |     3 |     1 |       ||     4
       Fruit             |       |       |       |       |     4 |     2 |    23 ||    29
       Meat ration       |       |       |       |       |       |       |     4 ||     4
       Bread ration      |       |       |       |       |       |       |     3 ||     3
